 Dungeon Crawl Stone Soup version 0.20.1-1-g8b1a95d (webtiles) character file.

211811 vatarom the Brawler (level 18, -2/187 HPs)
             Began as a Demonspawn Transmuter on Sept 22, 2017.
             Was the Champion of Ashenzari.
             Slain by a redback (14 damage)
             ... on level 2 of the Spider Nest.
             The game lasted 01:36:44 (34595 turns).

vatarom the Brawler (Demonspawn Transmuter)        Turns: 34595, Time: 01:36:45

Health: -2/187     AC:  2    Str: 18    XL:     18   Next: 22%
Magic:  0/30       EV: 21    Int: 20    God:    Ashenzari [******]
Gold:   3243       SH:  9    Dex: 15    Spells: 1/33 levels left

rFire    + . .     SeeInvis +     - Unarmed
rCold    . . .     Gourm    .   u - +3 buckler (curse)
rNeg     + . .     Faith    .   (armour currently unavailable)
rPois    ∞         Spirit   +   (helmet unavailable)
rElec    +         Reflect  .   z - scarf of the Blacksmith {rPois Int+4 Dex-3} (curse)
rCorr    .         Harm     .   (gloves currently unavailable)
MR       +....     Clarity  +   (boots currently unavailable)
Stlth    ++++......             A - amulet of Tender Moments {Spirit Slay+5 Stlth+} (curse)
Regen    0.5/turn               f - ring of flight (curse)
MPRegen  0.3/turn               v - +5 ring of dexterity (curse)

@: statue-form, corroded, very slow
A: horns 3, talons 1, fire resistance 1, nightstalker 2, poison resistance,
augmentation 1, flame cloud immunity, sturdy frame 2
}: 1/15 runes: decaying
a: End Transformation, Curse Item, Scrying, Transfer Knowledge, Renounce
Religion, Evoke Flight


You were on level 2 of the Spider Nest.
You worshipped Ashenzari.
Ashenzari was exalted by your worship.
You were not hungry.
You were a stone statue.
You visited 6 branches of the dungeon, and saw 31 of its levels.
You also visited: Ossuary.

You collected 3481 gold pieces.
You spent 238 gold pieces at shops.

Inventory:

Missiles
 a - 704 arrows
Armour
 b - a +0 shield
 u - a cursed +3 buckler (worn)
 y - a cursed +2 ring mail of magic resistance (melded)
 z - the cursed scarf of the Blacksmith (worn) {rPois Int+4 Dex-3}
   (You acquired it on level 6 of the Dungeon)

   It affects your intelligence (+4).
   It affects your dexterity (-3).
   It protects you from poison.
   It has a curse placed upon it.
Jewellery
 f - a cursed ring of flight (left hand)
 k - an uncursed ring of protection from fire
 v - a cursed +5 ring of dexterity (right hand)
 A - the cursed amulet of Tender Moments (around neck) {Spirit Slay+5 Stlth+}
   (You acquired it on level 6 of the Dungeon)

   [amulet of guardian spirit]

   It causes incoming damage to be split between your health and magic.
   It affects your accuracy and damage with ranged weapons and melee attacks
   (+5).
   It makes you more stealthy.
   It has a curse placed upon it.
Wands
 i - a wand of confusion (22/48)
 w - a wand of iceblast (4/15)
 I - a wand of acid (8/15)
 K - a wand of scattershot (1/9)
 O - a wand of paralysis (12/24)
 Q - a wand of clouds (0/9)
 T - a wand of lightning (5/15)
 U - a wand of disintegration (0/24)
 V - a wand of lightning (9/15)
 Z - a wand of iceblast (1/15)
Scrolls
 d - 2 scrolls of fog
 g - 10 scrolls of identify
 l - 4 scrolls of enchant weapon
 o - 3 scrolls of enchant armour
 x - 4 scrolls of amnesia
 G - 2 scrolls of remove curse
 N - 3 scrolls of fear
 W - 4 scrolls of teleportation
 Y - a scroll of recharging
Potions
 e - 7 potions of curing
 n - 7 potions of lignification
 p - 2 potions of ambrosia
 q - 2 potions of berserk rage
 B - 8 potions of flight
 C - 3 potions of haste
 D - 5 potions of invisibility
 F - a potion of magic
 H - 3 potions of agility
 J - a potion of might
 L - 4 potions of brilliance
 M - a potion of resistance
 P - 2 potions of cancellation
Books
 t - a book of Transfigurations

   Spells                             Type                      Level
   a - Irradiate                      Conjuration/Transmutation    5
   b - Statue Form                    Transmutation/Earth          6
   c - Hydra Form                     Transmutation                6
   d - Dragon Form                    Transmutation                7
 R - a book of Necromancy

   Spells                             Type                      Level
   a - Pain                           Necromancy                   1
   b - Animate Skeleton               Necromancy                   1
   c - Vampiric Draining              Necromancy                   3
   d - Regeneration                   Charms/Necromancy            3
   e - Animate Dead                   Necromancy                   4
   f - Control Undead                 Necromancy                   4
Miscellaneous
 E - a box of beasts
Comestibles
 c - 3 chunks of flesh
 h - 15 fruits
 r - 3 meat rations


   Skills:
 + Level 13.5 Fighting
 - Level 2.6 Armour
 + Level 12.7 Dodging
 * Level 6.0(9.1) Shields
 * Level 15.8 Unarmed Combat
 - Level 8.2 Spellcasting
 - Level 13.7(17.8) Transmutations
 - Level 3.0(6.8) Ice Magic
 - Level 5.0(9.4) Earth Magic
 * Level 9.3(13.6) Evocations


You had one spell level left.
You knew the following spells:

 Your Spells              Type           Power        Failure   Level  Hunger
a - Beastly Appendage     Tmut           ######       0%          1    None
b - Sticks to Snakes      Tmut           ######..     0%          2    None
c - Spider Form           Tmut/Pois      #####.....   1%          3    None
d - Ice Form              Ice/Tmut       ######..     1%          4    ###....
e - Hydra Form            Tmut           ######....   1%          6    ######.
f - Statue Form           Tmut/Erth      ######...    4%          6    ######.
g - Dragon Form           Tmut           ######....   4%          7    #######
h - Regeneration          Chrm/Necr      ##........   19%         3    None


Dungeon Overview and Level Annotations

Branches:
Dungeon (15/15)            Temple (1/1) D:7            Lair (6/6) D:11
  Swamp (4/4) Lair:2       Spider (3/4) Lair:4        Slime (0/5) Lair:6
    Orc (2/2) D:12            Elf (0/3) Orc:2        Vaults (0/5) D:14
 Depths (0/5) D:15

Altars:
Ashenzari
Cheibriados
Dithmenos
Elyvilon
Fedhas
Gozag
Hepliaklqana
Kikubaaqudgha
Makhleb
Nemelex Xobeh
Okawaru
Qazlal
Ru
Sif Muna
Trog
Uskayaw
Vehumet
Xom
Yredelemnul
Zin
The Shining One
Lugonu

Shops:
D:5 [   D:6 :   D:7 *   D:11 *   Orc:2 ((}!%

Portals:
Pandemonium: Orc:2

Annotations:
Lair:1 exclusion: 2 oklob plants
Spider:2 exclusion: Roxanne, Roxanne


Innate Abilities, Weirdness & Mutations

You have a pair of large horns on your head.
Your flesh is heat resistant. (rF+)
You are significantly more attuned to the shadows.
Your magical and physical power is slightly enhanced at high health.
You are immune to clouds of flame.
Your movements are less encumbered by armour. (ER -4)
You have sharp toenails.
Your system is resistant to poisons. (rPois)


Message History

The wolf spider is lightly wounded.
The wolf spider hits you!
* * * LOW HITPOINT WARNING * * *
You block the wolf spider's attack. The redback barely misses you.
You block the wolf spider's attack. The wolf spider closely misses you.
The redback closely misses you.
Okay, then.
The wolf spider barely misses you. The wolf spider completely misses you.
The redback completely misses you. The wolf spider completely misses you.
The wolf spider bites you but does no damage.
The wolf spider barely misses you. The wolf spider bites you!
* * * LOW HITPOINT WARNING * * *
You block the redback's attack. The wolf spider hits you!
* * * LOW HITPOINT WARNING * * *
The wolf spider bites you.
* * * LOW HITPOINT WARNING * * *
The redback bites you!
You die...

#########^..#........##.
####.|..#...........
###.####..>.#..^#...#.
##.#.^...(.(.###...#...
###..................#...
##..........<.^....#.....#
#....#..#....(.....#....##
#.........##....###.....#
##...####.8.......#....###
#.....#.#ss#...#.#######
#######.#..^..#...###
#..>......#.>.....##
###.......#.##.......#
#..................######
#......#..#.#...#.....#.##
#........^.^#^..#.....#..#
##...........#..#........###


You could see a wolf spider and a redback.

Vanquished Creatures
  Arachne (Spider:2)
  Agnes (Spider:3)
  Gastronok (D:10)
  3 thorn hunters
  Donald (Spider:2)
  Kirke (Lair:4)
  Louise (Swamp:1)
  2 ghost moths (Spider:2)
  An emperor scorpion (Spider:3)
  2 entropy weavers
  Nessos (Lair:4)
  A dire elephant (Lair:6)
  A spark wasp (Spider:2)
  The ghost of wnhky the Covert, a journeyman SpEn of Vehumet (Lair:6)
  A rakshasa (D:13)
  Erolcha (D:10)
  Harold (D:12)
  Fannar (D:12)
  A vault guard (D:14)
  An ice dragon (Swamp:4)
  23 hydras
  2 ghost crabs
  2 catoblepae
  A death knight (D:15)
  12 alligators
  9 two-headed ogres
  A dancing weapon (Orc:2)
  A deep troll shaman (Lair:6)
  2 tengu warriors
  6 death yaks (Lair:6)
  8 orc high priests (Orc:2)
  A spriggan (Swamp:3)
  2 sun demons
  5 unseen horrors
  A skeletal warrior (D:15)
  The ghost of sunderphon the Carver, a novice MiFi of Hepliaklqana (D:7)
  The ghost of vatarom the Martial Artist, a novice DsTm of Cheibriados (D:8)
  A fire crab (shapeshifter) (D:13)
  14 swamp dragons
  A glowing orange brain (D:15)
  3 spriggan druids
  4 shambling mangroves
  A deep elf archer (D:12)
  2 torturous demonspawn (Orc:2)
  A wizard (D:14)
  A necromancer (D:14)
  4 orc knights (Orc:2)
  A manticore (D:11)
  4 orc sorcerers
  10 ugly things
  28 wolf spiders
  9 orb spiders
  3 elephants (Lair:6)
  2 cyclopes
  3 black mambas
  4 orange demons
  25 spiny frogs
  A torpor snail (Spider:1)
  7 komodo dragons
  3 gargoyles
  A kobold demonologist (D:12)
  2 freezing wraiths (D:15)
  2 ice devils
  2 yaktaurs
  13 demonic crawlers
  2 rime drakes (D:12)
  A hellwing (Orc:2)
  3 red devils (D:15)
  3 polar bears
  28 jumping spiders
  A tengu conjurer (D:11)
  A jumping spider (shapeshifter) (D:13)
  6 trolls
  7 tyrant leeches
  11 hornets
  21 slime creatures
  20 blink frogs
  12 hippogriffs
  A hippogriff (shapeshifter) (D:15)
  13 bog bodies
  A centaur simulacrum (D:15)
  82 redbacks
  36 tarantellas
  4 wraiths
  A wyvern (D:12)
  42 yaks
  3 shadows
  21 humans (D:14)
  A steam dragon (Lair:4)
  2 hungry ghosts
  2 hogs (Lair:4)
  19 vampire mosquitoes
  5 basilisks
  6 wargs
  5 insubstantial wisps
  20 swamp worms
  Edmund (D:6)
  2 soldier ants
  3 acid dragons
  8 porcupines
  17 swamp drakes
  A phantom (D:5)
  6 water moccasins
  3 ice beasts
  36 orc warriors
  A sky beast (shapeshifter) (D:15)
  4 sky beasts
  A black bear (shapeshifter) (D:15)
  A necrophage (D:4)
  2 black bears
  11 ogres
  24 wolves
  17 centaurs
  A big kobold (D:9)
  14 crocodiles
  17 bullfrogs
  A gnoll sergeant (D:8)
  2 wyvern skeletons
  6 scorpions
  8 small abominations (D:7)
  6 wights
  14 killer bees
  7 jellies
  3 howler monkeys
  3 electric eels
  13 crimson imps
  A quasit (D:9)
  3 centaur zombies
  34 orc priests
  A bullfrog skeleton (D:12)
  6 centaur skeletons
  10 hounds
  A jelly (shapeshifter) (D:13)
  11 hell rats (Lair:3)
  2 iguanas (Lair:2)
  17 orc wizards
  11 worker ants
  A killer bee zombie (D:5)
  A big kobold zombie (Ossuary)
  A hound skeleton (D:5)
  5 mummies (Ossuary)
  14 adders
  18 gnolls
  A howler monkey skeleton (D:5)
  A river rat (D:6)
  7 shadow imps
  4 white imps (D:13)
  2 oozes
  An adder skeleton (D:4)
  A worm (D:6)
  2 dart slugs (D:1)
  5 leopard geckos
  84 orcs
  2 ball pythons
  4 bats
  11 giant cockroaches
  9 goblins
  5 hobgoblins
  6 jackals
  4 quokkas
  6 frilled lizards
  A hobgoblin zombie (Ossuary)
  6 kobolds
  9 rats
  5 fungi
  4 plants
1184 creatures vanquished.

Vanquished Creatures (collateral kills)
  8 orb spiders
  2 jumping spiders
  A bog body (Swamp:4)
  6 redbacks
17 creatures vanquished.

Vanquished Creatures (others)
  A wolf spider (Spider:2)
  A tyrant leech (Swamp:3)
  A redback (Spider:1)
  A tarantella (Spider:3)
  A human (Lair:4)
  A porcupine (Lair:4)
  9 fungi
  6 plants
21 creatures vanquished.

Grand Total: 1222 creatures vanquished

Notes
Turn   | Place    | Note
-------+----------+-------------------------------------------
     0 | D:1      | vatarom the Demonspawn Transmuter began the quest for the Orb.
     0 | D:1      | Reached XP level 1. HP: 15/15 MP: 3/3
   409 | D:1      | Gained mutation: You have a pair of small horns on your head. [demonic ancestry]
   409 | D:1      | Reached XP level 2. HP: 14/21 MP: 5/5
   677 | D:1      | Learned a level 2 spell: Sticks to Snakes
   718 | D:1      | Reached skill level 3 in Unarmed Combat
  1081 | D:2      | Gained mutation: You are slightly more attuned to the shadows. [demonic ancestry]
  1081 | D:2      | Reached XP level 3. HP: 26/27 MP: 6/6
  1682 | D:3      | Gained mutation: Your movements are slightly less encumbered by armour. (ER -2) [demonic ancestry]
  1682 | D:3      | Reached XP level 4. HP: 29/33 MP: 5/7
  1703 | D:3      | Found a faded altar of an unknown god.
  1759 | D:3      | Reached skill level 1 in Armour
  1901 | D:3      | Learned a level 3 spell: Spider Form
  1989 | D:3      | Gained mutation: You have a pair of horns on your head. [demonic ancestry]
  1989 | D:3      | Reached XP level 5. HP: 36/38 MP: 8/8
  2235 | D:4      | Noticed a necrophage
  2266 | D:4      | Killed a necrophage
  2266 | D:4      | Reached skill level 4 in Unarmed Combat
  2299 | D:4      | Gained mutation: You have a pair of large horns on your head. [demonic ancestry]
  2299 | D:4      | Reached XP level 6. HP: 38/45 MP: 7/9
  2304 | D:4      | Found a sand-covered staircase.
  2309 | Ossuary  | Entered an ossuary
  2687 | Ossuary  | Gained mutation: Your system is resistant to poisons. (rPois) [potion of mutation]
  2687 | Ossuary  | Gained mutation: You have sharp toenails. [potion of mutation]
  3141 | D:4      | Gained mutation: Your flesh is heat resistant. (rF+) [demonic ancestry]
  3141 | D:4      | Reached XP level 7. HP: 44/52 MP: 10/10
  3591 | D:5      | Entered Level 5 of the Dungeon
  3741 | D:5      | Reached skill level 5 in Unarmed Combat
  3843 | D:5      | Noticed a yak
  3844 | D:5      | Noticed a yak
  3845 | D:5      | Noticed a yak
  3856 | D:5      | Killed a yak
  3862 | D:5      | Killed a yak
  3862 | D:5      | Gained mutation: Your movements are less encumbered by armour. (ER -4) [demonic ancestry]
  3862 | D:5      | Reached XP level 8. HP: 46/60 MP: 8/11
  4017 | D:5      | Found Suruhain's Armour Shoppe.
  4102 | D:5      | Reached skill level 6 in Unarmed Combat
  4161 | D:5      | Found a shattered altar of Ashenzari.
  4212 | D:5      | Became a worshipper of Ashenzari the Shackled
  4655 | D:5      | Reached skill level 1 in Shields
  4668 | D:5      | Found a glowing silver altar of Zin.
  4769 | D:6      | Noticed Edmund
  4803 | D:6      | Killed Edmund
  4803 | D:6      | Reached skill level 5 in Transmutations
  4980 | D:6      | Learned a level 4 spell: Ice Form
  5162 | D:6      | Identified 3 scrolls of acquirement
  5163 | D:6      | Got the cursed scarf of the Blacksmith {rPois Int+4 Dex-3}
  5178 | D:6      | Identified the cursed scarf of the Blacksmith {rPois Int+4 Dex-3} (You acquired it on level 6 of the Dungeon)
  5178 | D:6      | Identified the cursed amulet of Tender Moments {Spirit Slay+5 Stlth+} (You acquired it on level 6 of the Dungeon)
  5181 | D:6      | Identified the cursed +0 cloak of Fedhas's Delight {Dex+3} (You acquired it on level 6 of the Dungeon)
  5259 | D:6      | Found Gesytag's Book Emporium.
  5338 | D:6      | Reached skill level 5 in Fighting
  5338 | D:6      | Reached XP level 9. HP: 50/68 MP: 9/12
  5341 | D:6      | Found a glowing drain.
  5671 | D:7      | Found an iron altar of Okawaru.
  5893 | D:7      | Reached skill level 7 in Unarmed Combat
  5903 | D:7      | Found a staircase to the Ecumenical Temple.
  6002 | Temple   | Entered the Ecumenical Temple
  6354 | D:7      | Noticed sunderphon's ghost (novice MiFi)
  6370 | D:7      | Killed sunderphon's ghost
  6465 | D:7      | Reached skill level 1 in Ice Magic
  6478 | D:7      | Found Teinkim's Assorted Antiques.
  6549 | D:7      | Found a transporter.
  6553 | D:7      | Found a corrupted altar of Lugonu.
  6570 | D:7      | Noticed a white ugly thing
  6582 | D:7      | Noticed a red ugly thing
  6583 | D:7      | Found a transporter.
  6588 | D:7      | Noticed a green ugly thing
  7023 | D:8      | Noticed vatarom's ghost (novice DsTm)
  7057 | D:8      | Killed vatarom's ghost
  7059 | D:8      | Reached XP level 10. HP: 32/74 MP: 4/13
  7314 | D:8      | Reached * piety under Ashenzari
  7371 | D:8      | Found a sacrificial altar of Ru.
  7431 | D:8      | Reached skill level 5 in Dodging
  7723 | D:8      | Reached skill level 8 in Unarmed Combat
  7781 | D:8      | Noticed a two-headed ogre
  7791 | D:8      | Killed a two-headed ogre
  7994 | D:9      | Noticed a two-headed ogre
  8022 | D:9      | Killed a two-headed ogre
  8606 | D:9      | Noticed a seven-headed hydra
  8608 | D:9      | Found a shimmering altar of Xom.
  8982 | D:9      | Found a shimmering altar of Xom.
  8982 | D:9      | Found a shimmering altar of Xom.
  8982 | D:9      | Found a shimmering altar of Xom.
  8982 | D:9      | Found a shimmering altar of Xom.
  8982 | D:9      | Found a shimmering altar of Xom.
  8983 | D:9      | Found a shimmering altar of Xom.
  8993 | D:9      | Killed a seven-headed hydra
  8993 | D:9      | Gained mutation: Your magical and physical power is slightly enhanced at high health. [demonic ancestry]
  8993 | D:9      | Reached XP level 11. HP: 30/83 MP: 3/14
  9365 | D:10     | Entered Level 10 of the Dungeon
  9444 | D:10     | Noticed Gastronok
  9457 | D:10     | Killed Gastronok
  9686 | D:10     | Noticed Erolcha
  9693 | D:10     | Noticed a two-headed ogre
  9705 | D:10     | Killed a two-headed ogre
  9705 | D:10     | Reached skill level 9 in Unarmed Combat
  9788 | D:10     | Killed Erolcha
  9889 | D:10     | Reached ** piety under Ashenzari
 10643 | D:11     | Found a staircase to the Lair.
 10698 | D:11     | Found a burning altar of Makhleb.
 10809 | D:11     | Noticed a green ugly thing
 10816 | D:11     | Killed a green ugly thing
 11255 | D:11     | Noticed a two-headed ogre
 11260 | D:11     | Killed a two-headed ogre
 11310 | D:11     | Found Dorufios's General Store.
 11663 | D:12     | Reached *** piety under Ashenzari
 11666 | D:12     | Noticed a seven-headed hydra
 11765 | D:11     | Noticed a two-headed ogre
 11774 | D:11     | Killed a two-headed ogre
 11774 | D:11     | Reached skill level 10 in Transmutations
 12017 | D:11     | Noticed a tengu warrior
 12034 | D:11     | Killed a tengu warrior
 12034 | D:11     | Gained mutation: You are immune to clouds of flame. [demonic ancestry]
 12034 | D:11     | Reached XP level 12. HP: 37/92 MP: 4/17
 12141 | Lair:1   | Entered Level 1 of the Lair of Beasts
 12458 | Lair:1   | Learned a level 6 spell: Hydra Form
 13194 | Lair:2   | Found a staircase to the Swamp.
 13347 | Lair:2   | Reached skill level 5 in Spellcasting
 13502 | Lair:2   | Reached **** piety under Ashenzari
 13616 | Lair:2   | Noticed an eight-headed hydra
 13772 | Lair:2   | Reached skill level 10 in Unarmed Combat
 13972 | Lair:2   | Killed an eight-headed hydra
 14245 | Lair:2   | Learned a level 6 spell: Statue Form
 14594 | Lair:3   | Reached skill level 1 in Earth Magic
 15482 | Lair:4   | Found a hole to the Spider Nest.
 15724 | Lair:4   | Noticed Nessos
 15738 | Lair:4   | Killed Nessos
 15738 | Lair:4   | Gained mutation: You are significantly more attuned to the shadows. [demonic ancestry]
 15738 | Lair:4   | Reached XP level 13. HP: 100/100 MP: 17/21
 16005 | Lair:4   | Reached ***** piety under Ashenzari
 16015 | Lair:4   | Noticed Kirke
 16021 | Lair:4   | Killed Kirke
 16569 | Lair:5   | Identified the +1 robe "Jifoploz" {rC+ MR+}
 16719 | Lair:5   | Reached skill level 5 in Earth Magic
 16958 | Lair:6   | Entered Level 6 of the Lair of Beasts
 17036 | Lair:6   | Noticed wnhky's ghost (journeyman SpEn)
 17041 | Lair:6   | Killed wnhky's ghost
 17079 | Lair:6   | Found a staircase to the Slime Pits.
 17731 | Lair:6   | Reached XP level 14. HP: 109/109 MP: 25/25
 17762 | Lair:6   | Reached skill level 11 in Unarmed Combat
 17773 | Lair:6   | Reached skill level 10 in Fighting
 18104 | Lair:6   | Learned a level 7 spell: Dragon Form
 18354 | D:12     | Found a staircase to the Orcish Mines.
 18684 | D:12     | Identified the cursed amulet "Etaravom" {Faith rPois Str+3} (You acquired it on level 12 of the Dungeon)
 18997 | D:12     | Noticed Fannar
 19009 | D:12     | Killed Fannar
 19108 | D:12     | Noticed Harold
 19124 | D:12     | Killed Harold
 19567 | D:13     | Reached ****** piety under Ashenzari
 19734 | D:13     | Found a deep blue altar of Sif Muna.
 19846 | D:13     | Reached skill level 10 in Dodging
 21325 | D:14     | Reached XP level 15. HP: 118/118 MP: 21/27
 21371 | D:14     | Reached skill level 12 in Unarmed Combat
 21404 | D:14     | Identified the +3 ring mail of the Ant {Str+3} (You took it off a human on level 14 of the Dungeon)
 21421 | D:14     | Found a gate to the Vaults.
 21864 | D:15     | Entered Level 15 of the Dungeon
 22992 | D:15     | Found a staircase to the Depths.
 23259 | Orc:1    | Entered Level 1 of the Orcish Mines
 23828 | Orc:2    | Entered Level 2 of the Orcish Mines
 23906 | Orc:2    | Reached skill level 13 in Unarmed Combat
 24027 | Orc:2    | Found a staircase to the Elven Halls.
 24239 | Orc:2    | Found Jifathok's Distillery.
 24242 | Orc:2    | Found Seshenk's Food Shoppe.
 24290 | Orc:2    | Bought a potion of curing for 51 gold pieces
 24290 | Orc:2    | Bought a potion of curing for 51 gold pieces
 24290 | Orc:2    | Bought a potion of heal wounds for 85 gold pieces
 24290 | Orc:2    | Bought a potion of curing for 51 gold pieces
 24582 | Orc:2    | Found Gyok's Weapon Shop.
 25307 | Orc:2    | Found Holutu's Antique Weapon Boutique.
 25307 | Orc:2    | Found Zazetebb's Gadget Shop.
 25308 | Orc:2    | Found a one-way gate leading to the halls of Pandemonium.
 25318 | Orc:2    | Reached XP level 16. HP: 127/127 MP: 25/28
 25505 | Spider:1 | Entered Level 1 of the Spider Nest
 25587 | Spider:1 | HP: 5/165 [disintegration (21)]
 26209 | Swamp:1  | Entered Level 1 of the Swamp
 26523 | Swamp:1  | Noticed Louise
 26535 | Swamp:1  | Killed Louise
 26639 | Swamp:1  | Reached skill level 1 in Evocations
 28075 | Swamp:2  | Reached skill level 14 in Unarmed Combat
 28482 | Swamp:3  | Noticed a thorn hunter
 28489 | Swamp:3  | Killed a thorn hunter
 29031 | Swamp:3  | Reached skill level 5 in Evocations
 29335 | Swamp:4  | Entered Level 4 of the Swamp
 29335 | Swamp:4  | Noticed a thorn hunter
 29339 | Swamp:4  | Killed a thorn hunter
 29405 | Swamp:4  | Got the bardiche "Atinn" {venom, rPois rF+ Str+3 Dex-3}
 29406 | Swamp:4  | Identified the +10 bardiche "Atinn" {venom, rPois rF+ Str+3 Dex-3} (You found it on level 4 of the Swamp)
 29471 | Swamp:4  | Reached XP level 17. HP: 21/135 MP: 2/29
 29491 | Swamp:3  | HP: 5/175 [bog body (14)]
 30773 | Swamp:4  | Got a decaying rune of Zot
 31511 | Spider:1 | Reached skill level 15 in Unarmed Combat
 31658 | Spider:1 | Learned a level 3 spell: Regeneration
 31839 | Spider:2 | Noticed Roxanne
 31858 | Spider:2 | Noticed Arachne
 31976 | Spider:2 | Killed Arachne
 33138 | Spider:2 | Identified the cursed +0 ring mail of Weamou {rF+}
 33197 | Spider:2 | Noticed Donald
 33204 | Spider:2 | Killed Donald
 33525 | Spider:3 | Reached skill level 5 in Shields
 33798 | Spider:3 | Reached XP level 18. HP: 123/144 MP: 22/30
 33818 | Spider:3 | Noticed Agnes
 33827 | Spider:3 | Killed Agnes
 34595 | Spider:2 | Slain by a redback

Skill      XL: |  1  2  3  4  5  6  7  8  9 10 11 12 13 14 15 16 17 18 |
---------------+-------------------------------------------------------+-----
Dodging        | 2 3 4 6 7 8 9 10 11 12 | 12.7
Unarmed Combat | 3 4 5 6 7 8 9 10 11 13 14 15 | 15.8
Fighting       | 2 3 4 5 6 7 8 9 11 12 13 | 13.5
Armour         | 1 2 |  2.6
Transmutations | 3 5 6 8 10 11 12 13 | 13.7
Shields        | 2 4 5 6 |  6.0
Ice Magic      | 2 3 |  3.0
Spellcasting   | 3 5 7 8 |  8.2
Earth Magic    | 2 5 |  5.0
Evocations     | 5 8 9 |  9.3

Action                   |  1- 3 |  4- 6 |  7- 9 | 10-12 | 13-15 | 16-18 || total
-------------------------+-------+-------+-------+-------+-------+-------++-------
Melee: Unarmed           |   136 |   198 |   285 |   486 |   844 |   777 ||  2726
       Kick              |    11 |    27 |    63 |   101 |   172 |   179 ||   553
       Punch             |     2 |     2 |     4 |       |     1 |     9 ||    18
       Headbutt          |    16 |    33 |    53 |    62 |   107 |    98 ||   369
       Tailslap          |       |       |       |       |     2 |    17 ||    19
       Bite              |       |       |       |       |     2 |    13 ||    15
 Cast: Beastly Appendage |    14 |     4 |       |       |     1 |       ||    19
       Sticks to Snakes  |     2 |       |       |       |       |     2 ||     4
       Spider Form       |       |     1 |     4 |     3 |       |       ||     8
       Ice Form          |       |       |       |    11 |     2 |       ||    13
       Hydra Form        |       |       |       |    12 |    21 |     3 ||    36
       Statue Form       |       |       |       |     2 |    46 |    72 ||   120
       Dragon Form       |       |       |       |       |     4 |     9 ||    13
       Regeneration      |       |       |       |       |       |     2 ||     2
Invok: Curse Item        |       |       |       |     5 |       |     1 ||     6
 Abil: End Transformatio |       |       |       |     2 |     2 |     4 ||     8
       Breathe Fire      |       |       |       |       |     2 |     2 ||     4
Evoke: Wand              |       |       |       |     2 |       |    12 ||    14
       Box of beasts     |       |       |       |       |       |    10 ||    10
  Use: Scroll            |     4 |     6 |     9 |    14 |    10 |     6 ||    49
       Potion            |       |     8 |     8 |     5 |     5 |     3 ||    29
 Stab: Sleeping          |     1 |     5 |    12 |    13 |    13 |    10 ||    54
       Distracted        |       |       |     2 |     3 |     1 |     2 ||     8
       Paralysed         |       |       |       |       |       |     1 ||     1
  Eat: Chunk             |     3 |     3 |     5 |     7 |     6 |     5 ||    29
       Bread ration      |       |     2 |     1 |     6 |     7 |     3 ||    19
       Royal jelly       |       |       |       |       |     1 |     4 ||     5
       Meat ration       |       |       |       |       |       |     7 ||     7
       Fruit             |       |       |       |       |       |     4 ||     4
Armor: Robe              |    18 |       |       |       |       |       ||    18
       Steam dragon scal |     6 |    37 |    48 |    28 |       |       ||   119
       Skin              |       |       |     1 |    29 |   306 |   598 ||   934
       Ring mail         |       |       |       |    29 |    10 |    15 ||    54
Dodge: Dodged            |    89 |   114 |   158 |   325 |   654 |  1168 ||  2508
Block: Buckler           |       |       |    17 |    99 |   227 |   450 ||   793
